AoeStats
← thunder bun

Arabia

506164429Analyzed
1v1 RM · 18d ago on Sep 12, 2026· 37m 32s· 2 players
Game mode
Random Map
Map size
Tiny (2 player)
Population
200
Speed
Normal
Resources
Standard
Victory
Conquest
Starting age
Dark Age
Ending age
Imperial Age
RankedLock teamsTeams togetherTeam positionsShared explorationLock speedFull tech treeHidden civsTurbo modeCheats
Victory
Defeat
🇹🇼 Koreans · Taiwan
2165
+8
🇦🇷 Japanese · Argentina
1981
-8
iRaptor99
6:56 Loom
9:33 Feudal Age
9:52 Man-at-Arms
10:28 Double-Bit Axe
19:34 Castle Age
19:36 Crossbowman
20:07 Fletching
21:26 Bodkin Arrow
22:14 Bow Saw
24:57 Bloodlines
26:11 Husbandry
26:07 Gold Mining
26:08 Horse Collar
27:33 Ballistics
30:10 Wheelbarrow
30:16 Heavy Plow
30:31 Padded Archer Armor
32:39 Town Watch
37:04 Imperial Age
38:50 Imperial Age
36:37 Scale Barding Armor
36:42 Forging
37:58 Hand Cart
38:20 Chain Barding Armor
thunder bun
6:39 Loom
9:09 Feudal Age
10:25 Double-Bit Axe
10:22 Horse Collar
13:31 Fletching
22:17 Castle Age
21:17 Gold Mining
23:19 Bodkin Arrow
24:38 Husbandry
25:17 Wheelbarrow
27:10 Hand Cart
27:59 Elite Skirmisher
30:36 Ballistics
30:15 Town Watch
35:32 Imperial Age
36:26 Bracer
39:04 Chemistry
Connection lost

Rejoining the realm…

Still unreachable

The connection could not be restored.

Session expired

The server has moved on; the page needs a fresh start.